 Dungeon Crawl Stone Soup version 0.28-a0-819-g6ef7baa362 (webtiles) character file.

Game seed: 4027715223362449707

44 cheechan the Skirmisher (level 3, -10/34 HPs)
             Began as a Naga Fighter on Nov 8, 2021.
             Mangled by Crazy Yiuf (12 damage)
             ... on level 2 of the Dungeon.
             The game lasted 00:04:31 (1186 turns).

cheechan the Skirmisher (Naga Fighter)              Turns: 1186, Time: 00:04:33

Health: -10/34     AC:  4    Str: 18    XL:     3   Next: 60%
Magic:  3/3        EV:  7    Int:  8    God:
Gold:   75         SH:  4    Dex: 11    Spells: 2/2 levels left

rFire   . . .      SeeInvis +   a - +1 war axe
rCold   . . .      Faith    .   c - +0 buckler
rNeg    . . .      Spirit   .   b - +0 scale mail
rPois   +          Reflect  .   (no helmet)
rElec   .          Harm     .   (no cloak)
rCorr   .          Rampage  .   (no gloves)
Will    +....                   (no barding)
Stlth   ..........              e - amulet of magic regeneration
HPRegen 0.11/turn               g - ring of willpower
MPRegen 0.33/turn               (no ring)

@: mighty, short of breath, very slow
A: AC +1, large, see invisible, deformed body, poison resistance, slowness 2,
spit poison 1, naga tail 1
a: Spit Poison


You were on level 2 of the Dungeon.
You visited 1 branch of the dungeon, and saw 2 of its levels.

You collected 75 gold pieces.

Inventory:

Hand Weapons
 a - a +1 war axe (weapon)
Missiles
 i - 44 arrows
Armour
 b - a +0 scale mail (worn)
 c - a +0 buckler (worn)
Jewellery
 e - an amulet of magic regeneration (around neck)
 g - a ring of willpower (left hand)
Scrolls
 h - a scroll of noise
Potions
 f - a potion of cancellation {unknown}


   Skills:
 + Level 3.3 Fighting
 + Level 2.3 Axes
 + Level 2.9 Armour
 + Level 0.1 Dodging
 + Level 2.8 Shields


You had 2 spell levels left.
You didn't know any spells.
Your spell library was empty.

Dungeon Overview and Level Annotations

Branches:
Dungeon (2/15)

Altars:

Annotations:
D:2 Crazy Yiuf


Innate Abilities, Weirdness & Mutations

Your serpentine skin is tough. (AC +1)
You have supernaturally acute eyesight. (SInv)
Armour fits poorly on your strangely shaped body.
Your system is resistant to poisons. (rPois)
You cover ground very slowly.
You can spit poison.
You have a snake-like lower body.


Message History

You hit the bat.
You kill the bat!
The worm bites you.
You barely miss the worm.
The worm is heavily wounded.
The worm looks more healthy.
You block the worm's attack.
You slash the worm!
You kill the worm!
You have got your breath back.
You see here a worm corpse.
You see here a worm corpse.
You now have 75 gold pieces (gained 5).
Found a scroll labelled HUAL XUVAIFAESH.
You open the door.
Unknown command.
j - a scroll labelled HUAL XUVAIFAESH Blink to where?
Press: ? - help, Dir - move target
As you read the scroll labelled HUAL XUVAIFAESH, it crumbles to dust.
It was a scroll of blinking.
Found a mace.
Found a runed translucent door.
Crazy Yiuf shouts!
Crazy Yiuf says, "Whippet down sing-song!"
Okay, then.
Okay, then.
You feel very mighty all of a sudden.
You open the door.
Crazy Yiuf zaps a wand.
The puff of flame hits you!
Abil: Spit Poison
Press: ? - help, Q - select action Shift-Dir - straight line, f - Crazy Yiuf
Aim: Crazy Yiuf, wielding a +2 quarterstaff of chaos, wearing a +1 cloak of stealth and carrying a wand of flame (9)
The splash of poison misses Crazy Yiuf.
Unknown command.
You barely miss Crazy Yiuf.
Crazy Yiuf hits you with a +2 quarterstaff of chaos!
You are electrocuted!
Ouch! That really hurt!
* * * LOW HITPOINT WARNING * * *
Crazy Yiuf yells, "Key!
Action high ragdoll."
Crazy Yiuf hits you with a +2 quarterstaff of chaos!
You die...

###### #....# ####.§..##♣♣ ###
###### .........'.♣♣ ♣♣#..)#
#..... ####......PP♣♣♣♣@g...#
#.#### #######...PP.♣..♣#...# #.#
.......#.+P.♣.♣♣♣ ### #.#
######.###♣♣♣♣♣ #.#.#.# ######.##
#.#.#.#
........################.#.#.#
######.#..##........##.....#.####
#.##.##...##.######.........
#...........................


You could see Crazy Yiuf.

Vanquished Creatures
  An adder (D:2)
  A worm (D:2)
  2 endoplasms
  2 giant cockroaches
  3 hobgoblins
  4 jackals (D:1)
  A quokka (D:1)
  A ball python (D:1)
  A bat (D:2)
  2 frilled lizards (D:1)
  4 goblins
  3 kobolds
  4 rats (D:1)
29 creatures vanquished.

Notes
Turn   | Place    | Note
-------+----------+-------------------------------------------
     0 | D:1      | cheechan the Naga Fighter began the quest for the Orb.
     0 | D:1      | Reached XP level 1. HP: 21/21 MP: 1/1
   369 | D:1      | Reached XP level 2. HP: 24/28 MP: 2/2
   641 | D:1      | Upgraded the game from 0.28-a0-816-gb054d885db to
                  | 0.28-a0-819-g6ef7baa362
   701 | D:2      | Reached XP level 3. HP: 29/34 MP: 3/3
  1179 | D:2      | Found a runed translucent door.
  1180 | D:2      | Noticed Crazy Yiuf
  1186 | D:2      | Mangled by Crazy Yiuf

Illustrated notes

Levels and vault maps discovered:
D:1:      dpeg_arrival_prison, layout_loops_cross, wad_floor_pattern_untrapped
D:2:      layout_basic, shapermc_ecumenical_altar_venn, uniq_crazy_yiuf_cottage,
          uniq_robin, uniq_natasha

Action                   || total
-------------------------++-------
Melee: War axe           ||    62
 Abil: Spit Poison       ||     4
  Use: Scroll            ||     4
       Potion            ||     1
Armor: Scale mail        ||    33
Dodge: Dodged            ||    28
Block: Buckler           ||    20

Table legend: (Time is in decaauts)
 A = Elapsed time spent in this place.
 B = Non-inter-level travel time spent in this place.
 C = Inter-level travel time spent in this place.
 D = Time resting spent in this place.
 E = Time spent auto-exploring this place.
 F = Levels seen in this place.
 G = Mean time per level.
                   A        B        C        D        E       F      G
               +--------+--------+--------+--------+--------+-----+--------+
         Total |   1541 |   1541 |      0 |    253 |      0 |   2 |  770.5 |
       Dungeon |   1541 |   1541 |      0 |    253 |      0 |   2 |  770.5 |
               +--------+--------+--------+--------+--------+-----+--------+

Top non-repeatable levels by time:
     D:1: 964 daAuts
     D:2: 576 daAuts
